TOP OF THE 1ST |
Quad Cities Angels batting - Pitching for Clinton Pilots : LHP Brian Lucas
|
Pitching: LHP Brian Lucas
|
|
Batting: RHB Mike Sharperson
|
0-0: Ball 1-0: Foul Ball, location: 2F 1-1: Ball 2-1: Foul Ball, location: 2F 2-2: Ground out 6-3 (Groundball, 6, EV 103.1 MPH)
|
Batting: RHB Carlos Rios
|
0-0: Ball 1-0: Ball 2-0: Fly out, F8 (Flyball, 89D, EV 92.5 MPH)
|
Batting: LHB Bob Helsom
|
0-0: Swinging Strike 0-1: Ball 1-1: Swinging Strike 1-2: Foul Ball, location: 2F 1-2: Foul Ball, location: 2F 1-2: Strikes out swinging
|
Top of the 1st over - 0 runs, 0 hits, 0 errors, 0 left on base; Quad Cities 0 - Clinton 0 |
BOTTOM OF THE 1ST |
Clinton Pilots batting - Pitching for Quad Cities Angels : RHP Grady Warren
|
Pitching: RHP Grady Warren
|
|
Batting: RHB Barry Siebert
|
0-0: Called Strike 0-1: Ball 1-1: Foul Ball, location: 2F 1-2: Ball 2-2: Foul Ball, location: 2F 2-2: Strikes out swinging
|
Batting: RHB Tom Riley
|
0-0: Ball 1-0: Ball 2-0: Called Strike 2-1: DOUBLE (Groundball, 5L, EV 108.8 MPH)
|
Batting: SHB Alan Regier
|
0-0: Called Strike 0-1: Ball 1-1: Foul Ball, location: 2F 1-2: Ball 2-2: Fly out, F7 (Line Drive, 7D, EV 92.5 MPH)
|
Batting: RHB Abe Rael
|
0-0: Ball 1-0: Ball 2-0: Swinging Strike 2-1: Ground out 6-3 (Groundball, 6, EV 85.0 MPH)
|
Bottom of the 1st over - 0 runs, 1 hit, 0 errors, 1 left on base; Quad Cities 0 - Clinton 0 |
TOP OF THE 2ND |
Quad Cities Angels batting - Pitching for Clinton Pilots : LHP Brian Lucas
|
Batting: RHB Rolando Roomes
|
0-0: Swinging Strike 0-1: Fly out, F4 (Popup, 3S, EV 81.3 MPH)
|
Batting: RHB Greg Griffin
|
0-0: Ball 1-0: Called Strike 1-1: Ball 2-1: Ball 3-1: Ground out 5-3 (Groundball, 5, EV 91.9 MPH)
|
Batting: RHB Cecil Strawn
|
0-0: Ball 1-0: Foul Ball, location: 2F 1-1: SINGLE (Line Drive, 56D, EV 97.5 MPH)
|
Batting: SHB Danny Montero
|
0-0: Swinging Strike 0-1: Ball 1-1: Foul Ball, location: 2F 1-2: Ball 2-2: Strikes out looking
|
Top of the 2nd over - 0 runs, 1 hit, 0 errors, 1 left on base; Quad Cities 0 - Clinton 0 |
BOTTOM OF THE 2ND |
Clinton Pilots batting - Pitching for Quad Cities Angels : RHP Grady Warren
|
Batting: LHB Thomas Berti
|
0-0: Foul Ball, location: 2F 0-1: Ground out 5-3 (Groundball, 56, EV 82.5 MPH)
|
Batting: RHB Alberto Reyes
|
0-0: Swinging Strike 0-1: Called Strike 0-2: Ball 1-2: Ball 2-2: Strikes out swinging
|
Batting: LHB Epifano Martinez
|
0-0: Ball 1-0: Swinging Strike 1-1: DOUBLE (Line Drive, 7LS, EV 102.5 MPH)
|
Batting: RHB Donn Koch
|
0-0: Ball 1-0: Foul Ball, location: 2F 1-1: Foul Ball, location: 2F 1-2: Ground out 6-3 (Groundball, 6, EV 86.3 MPH)
|
Bottom of the 2nd over - 0 runs, 1 hit, 0 errors, 1 left on base; Quad Cities 0 - Clinton 0 |
TOP OF THE 3RD |
Quad Cities Angels batting - Pitching for Clinton Pilots : LHP Brian Lucas
|
Batting: SHB Frank Diaz
|
0-0: Ball 1-0: Called Strike 1-1: Called Strike 1-2: Ball 2-2: Foul Ball, location: 2F 2-2: Fly out, F8 (Flyball, 78D, EV 103.1 MPH)
|
Batting: LHB Matteo Allucingoli
|
0-0: Fly out, F8 (Flyball, 8RD, EV 89.4 MPH)
|
Batting: RHB Mike Sharperson
|
0-0: Ball 1-0: Called Strike 1-1: Ball 2-1: Fly out, F8 (Flyball, 78XD, EV 97.5 MPH)
|
Top of the 3rd over - 0 runs, 0 hits, 0 errors, 0 left on base; Quad Cities 0 - Clinton 0 |
BOTTOM OF THE 3RD |
Clinton Pilots batting - Pitching for Quad Cities Angels : RHP Grady Warren
|
Batting: LHB Roman Dusquesne
|
0-0: Fly out, F7 (Flyball, 7, EV 86.9 MPH)
|
Batting: RHB Barry Siebert
|
0-0: Ball 1-0: Ball 2-0: Foul Ball, location: 2F 2-1: Foul Ball, location: 2F 2-2: Foul Ball, location: 2F 2-2: Ball 3-2: DOUBLE (Line Drive, 8RXD, EV 105.6 MPH)
|
Batting: RHB Tom Riley
|
0-0: Ball 1-0: Ball Barry Siebert is caught stealing 3rd base 2-5 2-0: Ball 3-0: Called Strike 3-1: Foul Ball, location: 2F 3-2: Foul Ball, location: 2F 3-2: Fly out, F8 (Flyball, 78D, EV 103.1 MPH)
|
Bottom of the 3rd over - 0 runs, 1 hit, 0 errors, 0 left on base; Quad Cities 0 - Clinton 0 |
TOP OF THE 4TH |
Quad Cities Angels batting - Pitching for Clinton Pilots : LHP Brian Lucas
|
Batting: RHB Carlos Rios
|
0-0: Ball 1-0: Foul Ball, location: 2F 1-1: Fly out, F9 (Flyball, 9S, EV 80.6 MPH)
|
Batting: LHB Bob Helsom
|
0-0: Swinging Strike 0-1: Called Strike 0-2: Ball 1-2: SINGLE (Line Drive, 89S, EV 102.5 MPH)
|
Batting: RHB Rolando Roomes
|
0-0: Called Strike 0-1: Foul Ball, location: 2F 0-2: Ball 1-2: Foul Ball, location: 2F 1-2: Ball 2-2: Foul Ball, location: 2F 2-2: Ball 3-2: Foul Ball, location: 2F 3-2: Base on Balls Bob Helsom to second
|
Batting: RHB Greg Griffin
|
0-0: Ball 1-0: Ball 2-0: Fly out, F9 (Flyball, 9D, EV 96.3 MPH) Runner from 2nd tags up, SAFE at 3rd, no throw by RF
|
Batting: RHB Cecil Strawn
|
0-0: Called Strike 0-1: Ball 1-1: Foul Ball, location: 2F 1-2: Ball 2-2: Strikes out swinging
|
Top of the 4th over - 0 runs, 1 hit, 0 errors, 2 left on base; Quad Cities 0 - Clinton 0 |
BOTTOM OF THE 4TH |
Clinton Pilots batting - Pitching for Quad Cities Angels : RHP Grady Warren
|
Batting: SHB Alan Regier
|
0-0: Ball 1-0: Called Strike 1-1: Fly out, F7 (Flyball, 7LM, EV 91.3 MPH)
|
Batting: RHB Abe Rael
|
0-0: Ball 1-0: Ball 2-0: Called Strike 2-1: Ground out 5-3 (Groundball, 56S, EV 85.6 MPH)
|
Batting: LHB Thomas Berti
|
0-0: Called Strike 0-1: Ball 1-1: Fly out, F8 (Line Drive, 8LD, EV 93.8 MPH)
|
Bottom of the 4th over - 0 runs, 0 hits, 0 errors, 0 left on base; Quad Cities 0 - Clinton 0 |
TOP OF THE 5TH |
Quad Cities Angels batting - Pitching for Clinton Pilots : LHP Brian Lucas
|
Batting: SHB Danny Montero
|
0-0: Foul Ball, location: 2F 0-1: Swinging Strike 0-2: Ball 1-2: Foul Ball, location: 2F 1-2: Foul Ball, location: 2F 1-2: Ball 2-2: Foul Ball, location: 2F 2-2: Fly out, F4 (Popup, 34D, EV 56.3 MPH)
|
Batting: SHB Frank Diaz
|
0-0: SINGLE (Line Drive, 34, EV 93.8 MPH)
|
Batting: LHB Matteo Allucingoli
|
0-0: Ball 1-0: Ball 2-0: Ball 3-0: Called Strike 3-1: SINGLE (Flyball, 8RS, EV 88.1 MPH) Frank Diaz to second Runner from 2nd tries for 3rd, SAFE, throw by CF made to third
|
Batting: RHB Mike Sharperson
|
0-0: Fly out, F7 (Flyball, 78M, EV 90.6 MPH) Runner from 3rd tags up, OUT at HOME! 7-2
|
Top of the 5th over - 0 runs, 2 hits, 0 errors, 1 left on base; Quad Cities 0 - Clinton 0 |
BOTTOM OF THE 5TH |
Clinton Pilots batting - Pitching for Quad Cities Angels : RHP Grady Warren
|
Batting: RHB Alberto Reyes
|
0-0: Bunt missed! 0-1: Fly out, F7 (Line Drive, 7, EV 96.3 MPH)
|
Batting: LHB Epifano Martinez
|
0-0: Ground out 4-3 (Groundball, 4, EV 101.3 MPH)
|
Batting: RHB Donn Koch
|
0-0: Ball 1-0: Ball 2-0: Called Strike 2-1: Ball 3-1: Base on Balls
|
Batting: LHB Roman Dusquesne
|
0-0: Ball 1-0: Ball 2-0: Foul Ball, location: 2F 2-1: Foul Ball, location: 2F 2-2: Strikes out looking
|
Bottom of the 5th over - 0 runs, 0 hits, 0 errors, 1 left on base; Quad Cities 0 - Clinton 0 |
TOP OF THE 6TH |
Quad Cities Angels batting - Pitching for Clinton Pilots : LHP Brian Lucas
|
Batting: RHB Carlos Rios
|
0-0: Ball 1-0: Fly out, F8 (Line Drive, 8LM, EV 106.3 MPH)
|
Batting: LHB Bob Helsom
|
0-0: Ball 1-0: Ball 2-0: Called Strike 2-1: Ball 3-1: Foul Ball, location: 2F 3-2: Base on Balls
|
Batting: RHB Rolando Roomes
|
0-0: Ball 1-0: Ball 2-0: Ball 3-0: Base on Balls Bob Helsom to second
|
Batting: RHB Greg Griffin
|
0-0: Called Strike 0-1: Ball 1-1: Called Strike 1-2: Foul Ball, location: 2F 1-2: Ball 2-2: Ball 3-2: Foul Ball, location: 2F 3-2: Strikes out looking
|
Batting: RHB Cecil Strawn
|
0-0: Fielders Choice at 2nd, 6-4 (Groundball, 6, EV 84.4 MPH)
|
Top of the 6th over - 0 runs, 0 hits, 0 errors, 2 left on base; Quad Cities 0 - Clinton 0 |
BOTTOM OF THE 6TH |
Clinton Pilots batting - Pitching for Quad Cities Angels : RHP Grady Warren
|
Batting: RHB Barry Siebert
|
0-0: Ground out 5-3 (Groundball, 56, EV 98.1 MPH)
|
Batting: RHB Tom Riley
|
0-0: Reached on error, E6 (Groundball, 6, EV 79.4 MPH)
|
Batting: SHB Alan Regier
|
0-0: Called Strike 0-1: Swinging Strike 0-2: Ball 1-2: Ball 2-2: Fielders Choice at 2nd, 4-6 (Groundball, 4, EV 86.3 MPH)
|
Batting: RHB Abe Rael
|
0-0: Ball 1-0: Called Strike Alan Regier steals 2nd base 1-1: Ball 2-1: Ball 3-1: Base on Balls
|
Batting: LHB Thomas Berti
|
0-0: Called Strike 0-1: Ball 1-1: Ground out 4-3 (Groundball, 4D, EV 103.1 MPH)
|
Bottom of the 6th over - 0 runs, 0 hits, 1 error, 2 left on base; Quad Cities 0 - Clinton 0 |
TOP OF THE 7TH |
Quad Cities Angels batting - Pitching for Clinton Pilots : LHP Brian Lucas
|
Batting: SHB Danny Montero
|
0-0: Ground out U3 (Groundball, 34S, EV 83.1 MPH)
|
Batting: SHB Frank Diaz
|
0-0: Ball 1-0: Fly out, F7 (Line Drive, 7, EV 83.1 MPH)
|
Batting: LHB Matteo Allucingoli
|
0-0: Called Strike 0-1: SINGLE (Line Drive, 9LM, EV 95.0 MPH)
|
Batting: RHB Mike Sharperson
|
0-0: Called Strike 0-1: Foul Ball, location: 2F 0-2: Ball Matteo Allucingoli steals 2nd base (no throw) 1-2: Ground out 5-3 (Groundball, 56S, EV 88.1 MPH)
|
Top of the 7th over - 0 runs, 1 hit, 0 errors, 1 left on base; Quad Cities 0 - Clinton 0 |
BOTTOM OF THE 7TH |
Clinton Pilots batting - Pitching for Quad Cities Angels : RHP Grady Warren
|
Batting: RHB Alberto Reyes
|
0-0: Called Strike 0-1: Ball 1-1: Swinging Strike 1-2: Foul Ball, location: 2F 1-2: Foul Ball, location: 2F 1-2: Ball 2-2: Ground out 6-3 (Groundball, 4M, EV 88.1 MPH)
|
Batting: LHB Epifano Martinez
|
0-0: Ball 1-0: Ball 2-0: Foul Ball, location: 2F 2-1: Foul Ball, location: 2F 2-2: Ball 3-2: Foul Ball, location: 2F 3-2: Base on Balls
|
Batting: RHB Donn Koch
|
0-0: Ball Epifano Martinez steals 2nd base 1-0: Foul Ball, location: 2F 1-1: Ball 2-1: Swinging Strike 2-2: Ground out 3-1 (Groundball, 34, EV 79.4 MPH) Epifano Martinez to third
|
Batting: LHB Roman Dusquesne
|
0-0: Called Strike 0-1: Ball 1-1: DOUBLE (Flyball, 8RXD, EV 97.5 MPH) Epifano Martinez scores
|
Batting: RHB Barry Siebert
|
0-0: Ball 1-0: Swinging Strike 1-1: Ball 2-1: Ball 3-1: Swinging Strike 3-2: Base on Balls
|
Batting: RHB Tom Riley
|
0-0: Fly out, F7 (Flyball, 7S, EV 88.8 MPH)
|
Bottom of the 7th over - 1 run, 1 hit, 0 errors, 2 left on base; Quad Cities 0 - Clinton 1 |
TOP OF THE 8TH |
Quad Cities Angels batting - Pitching for Clinton Pilots : LHP Brian Lucas
|
Batting: RHB Carlos Rios
|
0-0: Called Strike 0-1: Ball 1-1: Swinging Strike 1-2: Ball 2-2: Ground out 6-3 (Groundball, 56, EV 105.6 MPH)
|
Batting: LHB Bob Helsom
|
0-0: Fly out, F8 (Flyball, 8LM, EV 84.4 MPH)
|
Batting: RHB Rolando Roomes
|
0-0: Fly out, F9 (Flyball, 9D, EV 96.9 MPH)
|
Top of the 8th over - 0 runs, 0 hits, 0 errors, 0 left on base; Quad Cities 0 - Clinton 1 |
BOTTOM OF THE 8TH |
Clinton Pilots batting - Pitching for Quad Cities Angels : RHP Grady Warren
|
Batting: SHB Alan Regier
|
0-0: Ball 1-0: Ball 2-0: Ball 3-0: Base on Balls
|
Batting: RHB Abe Rael
|
0-0: Ball 1-0: Foul Ball, location: 2F 1-1: Foul Ball, location: 2F 1-2: Grounds into double play, 5-4-3 (Groundball, 56, EV 88.8 MPH)
|
Batting: LHB Thomas Berti
|
0-0: Reached on error, E2 (Groundball, 15S, EV 73.8 MPH)
|
Batting: RHB Alberto Reyes
|
0-0: Ball 1-0: Ball 2-0: Swinging Strike 2-1: Fly out, F9 (Flyball, 9D, EV 84.4 MPH)
|
Bottom of the 8th over - 0 runs, 0 hits, 1 error, 1 left on base; Quad Cities 0 - Clinton 1 |
TOP OF THE 9TH |
Quad Cities Angels batting - Pitching for Clinton Pilots : LHP Brian Lucas
|
Batting: RHB Greg Griffin
|
0-0: Ground out 4-3 (Groundball, 4D, EV 105.0 MPH)
|
Batting: RHB Cecil Strawn
|
0-0: Ball 1-0: Fly out, F9 (Line Drive, 9, EV 93.1 MPH)
|
Pinch Hitting: RHB Oscar Mejia
|
0-0: Called Strike 0-1: Ground out 4-3 (Groundball, 4, EV 100.6 MPH)
|
Top of the 9th over - 0 runs, 0 hits, 0 errors, 0 left on base; Quad Cities 0 - Clinton 1 |
|